Map: Kairos Junction LE

Players

Eurystheus

  • Race: Terran Terran
  • League: Master
  • Spawn Location: 5:00

Jason - Winner!

  • Race: Terran Terran
  • League: Grandmaster
  • Spawn Location: 11:00

VOD

Have the link to the VOD?

Description

Time

  • Played on: June 12, 2019, 2:47 p.m.
  • Length: 11:58
Show
View Real Time Build Order
Export as new Build Order

Eurystheus Terran 

Build Orders: Cyclone Opening 

Get SALT Encoding   

  12  0:00  SCV  
  13  0:12  SCV  
  14  0:21  Supply Depot  
  14  0:25  SCV  
  15  0:34  Refinery  
  15  0:43  SCV  
  15  0:48  Barracks  
  16  0:55  SCV  
  17  0:59  Refinery  
  17  1:07  SCV  
  18  1:19  SCV  
  20  1:35  Reaper  
  20  1:38  Factory  
  20  1:40  Orbital Command  
  20  1:47  Supply Depot  
  20  2:06  SCV  
  20  2:07  Barracks Reactor  
  21  2:18  SCV  
  21  2:21  Factory Tech Lab  
  22  2:29  Command Center  
  22  2:30  SCV  
  23  2:40  Cyclone  
  23  2:43  SCV  
  27  2:44  Marine  
  27  2:47  Marine  
  29  2:52  Supply Depot  
  29  2:55  SCV  
  30  3:03  Starport  
  30  3:11  SCV  
  31  3:15  Marine x2  
  33  3:24  Factory Tech Lab  
  33  3:26  SCV  
  34  3:35  Marine x2  
  34  3:39  SCV  
  36  3:41  Orbital Command  
  36  3:44  Refinery  
  36  3:46  Siege Tank  
  39  3:51  SCV  
  40  3:55  Raven  
  42  4:02  Marine  
  42  4:03  Marine, SCV  
  45  4:12  SCV  
  45  4:15  Supply Depot, SCV  
  47  4:19  Siege Tank  
  47  4:24  SCV  
  51  4:28  SCV  
  52  4:33  Marine x2  
  52  4:37  Supply Depot, SCV  
  55  4:40  Raven, SCV  
  58  4:49  SCV  
  58  4:50  Refinery  
  58  4:51  Supply Depot, Marine x2  
  58  4:52  SCV  
  62  4:59  Siege Tank  
  65  5:00  Supply Depot  
  65  5:01  SCV  
  65  5:04  SCV  
  67  5:14  Command Center  
  67  5:16  SCV  
  67  5:17  SCV  
  69  5:28  SCV  
  69  5:30  Viking, SCV  
  69  5:31  Siege Tank  
  76  5:36  Viking  
  76  5:40  SCV  
  76  5:42  Supply Depot, Marine, SCV  
  80  5:45  Stimpack  
  81  5:50  Engineering Bay  
  81  5:53  Engineering Bay  
  81  5:55  SCV x2  
  83  6:00  Viking  
  85  6:06  Viking  
  85  6:09  Siege Tank  
  85  6:10  SCV  
  91  6:12  SCV  
  91  6:17  Supply Depot  
  92  6:20  Terran Infantry Armor Level 1, Terran Infantry Weapons Level 1  
  92  6:29  SCV  
  92  6:30  SCV  
  92  6:31  Viking  
  96  6:36  Viking  
  97  6:42  SCV x2  
  99  6:47  Siege Tank  
  99  6:48  Orbital Command  
  99  6:54  SCV x2  
  104  7:04  Marine  
  104  7:05  Viking  
  104  7:06  Viking, SCV x2  
  111  7:11  Refinery  
  111  7:16  SCV  
  111  7:18  SCV x2  
  111  7:19  Refinery  
  114  7:27  Supply Depot  
  114  7:28  Supply Depot, SCV  
  115  7:30  SCV x2  
  115  7:32  Factory  
  115  7:36  Viking  
  119  7:41  Barracks  
  119  7:42  Barracks  
  119  7:45  Combat Shield, Barracks  
  119  7:48  SCV  
  119  7:49  SCV  
  119  7:50  Barracks  
  121  7:56  Viking  
  123  8:00  SCV x2  
  123  8:04  Armory  
  125  8:05  Viking  
  125  8:07  Siege Tank  
  130  8:13  SCV x3  
  133  8:20  Supply Depot  
  133  8:21  Supply Depot  
  133  8:24  Marine  
  133  8:26  Viking  
  136  8:30  Supply Depot x2  
  136  8:31  Barracks Reactor x2  
  136  8:34  Barracks Reactor  
  136  8:35  Viking  
  136  8:36  Barracks Reactor  
  136  8:39  Siege Tank  
  141  8:42  Supply Depot  
  141  8:43  Supply Depot  
  141  8:54  Supply Depot  
  140  8:56  Viking  
  140  9:02  Supply Depot  
  142  9:04  SCV x2  
  142  9:05  Viking, SCV  
  146  9:14  Barracks Reactor  
  146  9:15  Marine x6  
  146  9:16  Marine x2  
  146  9:17  Siege Tank x2  
  160  9:24  Terran Infantry Weapons Level 2, Terran Infantry Armor Level 2  
  160  9:25  Terran Vehicle Weapons Level 1  
  160  9:31  Viking  
  160  9:33  Marine x2  
  160  9:35  Viking  
  166  9:38  Command Center  
  166  9:40  Marine x6  
  171  9:51  Marine x2  
  172  9:56  Command Center  
  172  9:58  Marine x4  
  175  10:03  Marine x2, Siege Tank x2  
  175  10:04  Marine x2  
  185  10:09  Marine x2  
  185  10:10  Starport  
  187  10:16  Fusion Core, Marine  
  188  10:27  Sensor Tower  
  187  10:35  Marine x4  
  151  11:01  Marine x8  
  128  11:05  Marine x2  
  128  11:08  Siege Tank  
  128  11:09  Siege Tank  
  133  11:19  Marine x8  
  134  11:32  Marine x2  
Show
View Real Time Build Order
Export as new Build Order

Jason Terran - Winner!

Build Orders:  

Get SALT Encoding   

  12  0:01  SCV  
  13  0:15  SCV  
  13  0:17  Supply Depot  
  14  0:28  SCV  
  15  0:30  Refinery  
  15  0:40  SCV  
  16  0:45  Barracks  
  16  0:52  SCV  
  16  0:56  Refinery  
  17  1:04  SCV  
  18  1:16  SCV  
  19  1:33  Reaper, Orbital Command  
  19  1:38  Factory  
  20  1:48  Supply Depot  
  20  1:59  SCV  
  21  2:05  Reaper  
  22  2:11  SCV  
  23  2:23  Hellion, SCV  
  26  2:34  Command Center  
  26  2:35  SCV  
  27  2:39  Reaper  
  28  2:45  Supply Depot  
  28  2:47  Hellion  
  30  2:52  SCV  
  30  2:58  Starport  
  31  3:07  SCV  
  31  3:09  Factory Tech Lab  
  31  3:11  Barracks Tech Lab  
  32  3:19  SCV  
  33  3:29  Cyclone  
  37  3:34  SCV  
  37  3:38  Refinery  
  37  3:40  Barracks Reactor  
  37  3:43  Raven  
  37  3:46  SCV  
  37  3:47  Orbital Command  
  40  4:03  Siege Tank  
  40  4:06  SCV  
  44  4:14  SCV  
  44  4:16  Marine x2  
  46  4:19  SCV  
  47  4:26  SCV, Raven  
  47  4:31  Supply Depot, SCV  
  51  4:34  Marine x2  
  51  4:35  Supply Depot  
  53  4:43  SCV  
  54  4:53  Siege Tank, Marine x2, SCV  
  54  4:56  Command Center  
  60  5:00  SCV  
  60  5:05  SCV  
  62  5:12  SCV  
  63  5:14  Supply Depot  
  63  5:16  Supply Depot  
  63  5:17  SCV  
  63  5:19  Viking  
  63  5:20  Viking  
  68  5:23  Marine  
  68  5:25  Stimpack  
  68  5:26  SCV  
  70  5:36  Siege Tank, SCV  
  70  5:38  SCV  
  70  5:40  Marine  
  76  5:42  Supply Depot  
  76  5:49  Viking, SCV  
  79  5:50  Viking, SCV  
  82  6:01  SCV  
  82  6:03  SCV  
  84  6:08  Orbital Command, Refinery, Siege Tank  
  87  6:12  Supply Depot  
  87  6:13  SCV  
  87  6:15  SCV  
  89  6:21  Viking  
  89  6:22  Viking  
  93  6:27  Marine, SCV  
  93  6:28  Orbital Command  
  94  6:35  Barracks  
  94  6:36  Barracks  
  94  6:39  Engineering Bay, SCV  
  96  6:40  Engineering Bay, SCV  
  96  6:48  Marine  
  96  6:51  SCV  
  96  6:52  SCV  
  100  6:54  Supply Depot, SCV  
  100  6:55  Supply Depot  
  100  6:58  Viking  
  100  6:59  Viking  
  104  7:04  SCV x2  
  104  7:06  Marine, SCV  
  108  7:10  Terran Infantry Weapons Level 1  
  108  7:12  Terran Infantry Armor Level 1  
  108  7:16  SCV x2  
  108  7:18  SCV  
  108  7:22  Barracks x2  
  111  7:24  Barracks Reactor x2, Sensor Tower  
  111  7:28  SCV x2  
  113  7:30  Combat Shield, SCV  
  113  7:34  Marine, Refinery  
  113  7:35  Refinery  
  115  7:40  SCV x2  
  115  7:42  Supply Depot, SCV  
  118  7:45  Supply Depot, Siege Tank  
  121  7:52  SCV x2  
  121  7:53  Supply Depot  
  121  7:54  Marine, SCV  
  125  7:58  Medivac  
  125  7:59  Medivac  
  129  8:07  SCV x3  
  129  8:08  Marine x4  
  129  8:10  Barracks Reactor  
  129  8:11  Barracks Reactor  
  136  8:15  Factory  
  136  8:19  Supply Depot, Marine  
  137  8:21  Supply Depot  
  137  8:22  Supply Depot  
  137  8:23  Supply Depot, SCV x2  
  137  8:24  SCV  
  137  8:26  Marine x2  
  142  8:28  Armory  
  142  8:29  Marine x2  
  144  8:37  Marine  
  144  8:38  Siege Tank  
  144  8:39  Supply Depot x2  
  148  8:44  Marine  
  149  8:48  Concussive Shells  
  149  8:50  Marine x4  
  149  8:51  Marine x3  
  149  8:53  Command Center  
  156  8:56  Viking x2  
  156  9:01  SCV  
  159  9:03  Marine x2  
  159  9:04  Factory Tech Lab  
  159  9:08  Marine x2  
  163  9:15  Marine x3  
  166  9:18  Sensor Tower  
  166  9:26  Viking x2, Starport x2  
  170  9:32  Marine x3  
  170  9:38  Terran Infantry Weapons Level 2  
  173  9:40  Terran Infantry Armor Level 2  
  173  9:43  Marine x3  
  176  9:46  Siege Tank x2  
  176  9:48  Refinery  
  176  9:49  Refinery  
  180  9:53  Marine x4  
  180  9:56  Viking  
  186  10:02  Viking  
  186  10:04  Starport Tech Lab  
  186  10:05  Starport Tech Lab  
  188  10:10  Planetary Fortress  
  188  10:18  Siege Tank  
  191  10:23  Marine x2  
  191  10:24  Marine x3  
  191  10:26  Viking  
  191  10:27  Command Center, Sensor Tower  
  198  10:30  Raven  
  198  10:33  Corvid Reactor  
  200  10:48  Command Center  
  176  11:01  Siege Tank  
  176  11:03  Marine  
  176  11:04  Marine x7  
  167  11:05  Viking x2  
  167  11:08  Raven  
  167  11:10  Marine  
  178  11:16  Siege Tank  
  179  11:21  Marine x3  
  157  11:25  Viking  
  157  11:27  Marine x3  
  157  11:29  Marine x3  
  155  11:37  Refinery  
  155  11:38  Refinery  
  155  11:39  Marine x3  
  163  11:42  Sensor Tower  
Tags
 
Add a new tag
Caveats
  • Supply blocks, unpowered buildings, or Contaminate may cause inaccurate times.
  • Supply counts are checked every 10 seconds.